 Dungeon Crawl Stone Soup version 0.28-a0-655-g4eb62b627b (webtiles) character file.

Game seed: 5752640840730287727

111 bande the Skirmisher (level 4, -2/29 HPs)
             Began as a Gargoyle Fighter on Oct 13, 2021.
             Killed by divine providence
             ... invoked by an orc priest
              (10 damage)
             ... on level 3 of the Dungeon.
             The game lasted 00:06:10 (2614 turns).

bande the Skirmisher (Gargoyle Fighter)             Turns: 2614, Time: 00:06:10

Health: -2/29      AC: 10    Str: 20    XL:     4   Next: 92%
Magic:  4/4        EV:  9    Int:  9    God:
Gold:   75         SH:  4    Dex:  9    Spells: 3/3 levels left

rFire   . . .      SeeInvis .   a - +1 war axe
rCold   . . .      Faith    .   c - +0 buckler
rNeg    + . .      Spirit   .   b - +0 scale mail
rPois   ∞          Reflect  .   (no helmet)
rElec   +          Harm     .   (no cloak)
rCorr   .          Rampage  .   (no gloves)
Will    .....                   (no boots)
Stlth   ..........              (no amulet)
HPRegen 0.09/turn               (no ring)
MPRegen 0.09/turn               (no ring)

@: no status effects
A: sickness immunity, AC +3, negative energy resistance 1, electricity
resistance, torment resistance 1, petrification resistance
a: no special abilities


You were on level 3 of the Dungeon.
You visited 1 branch of the dungeon, and saw 3 of its levels.

You collected 75 gold pieces.

Inventory:

Hand Weapons
 a - a +1 war axe (weapon)
Armour
 b - a +0 scale mail (worn)
 c - a +0 buckler (worn)
Wands
 f - a wand of digging (4)
 k - a wand of iceblast (8)
Scrolls
 e - a scroll of identify
Potions
 d - 3 potions of might
 j - a potion of curing


   Skills:
 + Level 3.9 Fighting
 + Level 3.0 Axes
 + Level 3.9 Armour
 - Level 0.4 Dodging
 + Level 3.9 Shields
 * Level 0.2 Evocations


You had 3 spell levels left.
You didn't know any spells.
Your spell library contained the following spells:

 Spells                   Type           Power      Damage    Failure   Level
 Magic Dart               Conj           0%         1d3       75%         1
 Call Imp                 Summ           0%         N/A       86%         2
 Ignite Poison            Fire/Tmut/Pois 0%         N/A       98%         3
 Mephitic Cloud           Conj/Pois/Air  0%         N/A       98%         3
 Freezing Cloud           Conj/Ice/Air   0%         6-21      100%        5


Dungeon Overview and Level Annotations

Branches:
Dungeon (3/15)

Altars:


Innate Abilities, Weirdness & Mutations

You are immune to sickness and miasma.
Your stone body is resilient. (AC +3)
You are immune to poison.
You resist negative energy. (rN+)
You are resistant to electric shocks. (rElec)
You are resistant to unholy torment.
You are immune to petrification.


Message History

The orc is moderately wounded.
The orc hits you with a +0 flail. The orc barely misses you.
The orc hits you but does no damage.
The orc hits you from afar with a +0 trident.
You are too injured to fight recklessly!
You are too injured to fight recklessly!
You are too injured to fight recklessly!
You are too injured to fight recklessly!
You are too injured to fight recklessly!
You are too injured to fight recklessly!
You are too injured to fight recklessly!
You are too injured to fight recklessly!
You are too injured to fight recklessly!
You slash the orc!
You kill the orc!
The orc closely misses you. The hobgoblin barely misses you.
You slash the hobgoblin!
You kill the hobgoblin!
The orc hits you but does no damage. The orc hits you with a +0 hand axe.
The orc closely misses you.
Things that are here:
a +0 flail; an orc corpse You hit the orc.
The orc is heavily wounded.
You slash the orc!
You kill the orc!
The orc closely misses you. The hobgoblin hits you.
* * * LOW HITPOINT WARNING * * *
The orc barely misses you.
You hit the orc.
You kill the orc!
Your scale mail prevents you from hitting the hobgoblin.
The hobgoblin hits you.
* * * LOW HITPOINT WARNING * * *
Unknown command.
The orc priest casts a cantrip, but nothing happens.
You block the hobgoblin's attack.
The orc priest calls down the wrath of Beogh upon you.
Beogh smites you!
You die...

#. #.### #.#.### #.# .#.
+.#.. #####.#.#.###.# .#.
#.#.# #.....#.#.....# ...
#.#.# #.#.....#######
..)###.#.# #.#o#####
..))...#.#####.#.#
..####....o..o.#.########
. ..#.#.#######g#......#
#.#...##....#@#.####.#
#.######....'.#.# #.#
#.######..<.###.# #.#
####.....#####.#...####.#
..)...##.# #..........#
#####.##.#######'#########
#+##.................#
#.#...............#
#####.##..........#


You could see an orc priest and a hobgoblin.

Vanquished Creatures
  2 gnolls (D:2)
  An adder (D:2)
  3 worms (D:2)
  2 dart slugs
  3 orcs (D:3)
  4 endoplasms (D:1)
  A giant cockroach (D:2)
  6 hobgoblins
  2 jackals (D:2)
  2 quokkas
  10 ball pythons
  5 bats
  4 frilled lizards (D:1)
  8 goblins
  4 kobolds
  9 rats
66 creatures vanquished.

Vanquished Creatures (others)
  2 plants (D:1)
  6 withered plants (D:2)
8 creatures vanquished.

Grand Total: 74 creatures vanquished

Notes
Turn   | Place    | Note
-------+----------+-------------------------------------------
     0 | D:1      | bande the Gargoyle Fighter began the quest for the Orb.
     0 | D:1      | Reached XP level 1. HP: 14/14 MP: 1/1
   339 | D:1      | Reached XP level 2. HP: 9/19 MP: 2/2
   771 | D:1      | Reached XP level 3. HP: 11/23 MP: 3/3
  1550 | D:2      | Reached XP level 4. HP: 26/29 MP: 4/4
  2016 | D:2      | Found a faded altar of an unknown god.
  2614 | D:3      | Killed from afar by an orc priest

Illustrated notes

Levels and vault maps discovered:
D:1:      mrwooster_arrival_statue_2, layout_rooms, hex_tiny,
          serial_bayou_ford_a, minmay_surrounded
D:2:      layout_loops_ring, ebering_ecumenical_altar_petrified
D:3:      layout_basic

Skill      XL: |  1  2  3  4 |
---------------+-------------+-----
Axes           | 2 3 |  3.0
Fighting       | |  3.9
Armour         | |  3.9
Dodging        | |  0.4
Shields        | |  3.9
Evocations     | |  0.2

Action                   |  1- 3 |  4- 6 || total
-------------------------+-------+-------++-------
Melee: War axe           |   115 |    71 ||   186
  Use: Scroll            |       |     5 ||     5
Armor: Scale mail        |    76 |    53 ||   129
Dodge: Dodged            |    63 |    39 ||   102
Block: Buckler           |    27 |    25 ||    52

Table legend: (Time is in decaauts)
 A = Elapsed time spent in this place.
 B = Non-inter-level travel time spent in this place.
 C = Inter-level travel time spent in this place.
 D = Time resting spent in this place.
 E = Time spent auto-exploring this place.
 F = Levels seen in this place.
 G = Mean time per level.
                   A        B        C        D        E       F      G
               +--------+--------+--------+--------+--------+-----+--------+
         Total |   2697 |   2697 |      0 |    845 |   1281 |   3 |  899.0 |
       Dungeon |   2697 |   2697 |      0 |    845 |   1281 |   3 |  899.0 |
               +--------+--------+--------+--------+--------+-----+--------+

Top non-repeatable levels by time:
     D:1: 1375 daAuts
     D:2: 1097 daAuts
     D:3: 224 daAuts
